 Dungeon Crawl Stone Soup version 0.20.1-1-g8b1a95d (webtiles) character file.

11515 Mitsuki the Fighter (level 11, 0/99 HPs)
             Began as a Minotaur Abyssal Knight on Oct 14, 2017.
             Was a High Priest of Lugonu.
             Slain by an ice devil (17 damage)
             ... in an ice cave.
             The game lasted 00:33:42 (12269 turns).

Mitsuki the Fighter (Minotaur Abyssal Knight)      Turns: 12269, Time: 00:33:43

Health: 0/99       AC: 21    Str: 21    XL:     11   Next: 50%
Magic:  15/15      EV:  6    Int: 11    God:    Lugonu [*****.]
Gold:   630        SH: 11    Dex: 12    Spells: 10/10 levels left

rFire    . . .     SeeInvis .   y - +2 long sword (venom)
rCold    . . .     Gourm    .   P - +0 shield
rNeg     . . .     Faith    .   Q - +0 plate armour
rPois    .         Spirit   .   (helmet unavailable)
rElec    .         Reflect  .   V - +0 cloak of Brilliance {+Blink}
rCorr    .         Harm     .   M - +0 pair of gloves "Ubbomp" {Dex+3}
MR       .....                  (no boots)
Stlth    ..........             D - amulet of regeneration
Regen    1.1/turn               d - +2 ring of slaying
MPRegen  0.2/turn               H - +4 ring of protection

@: no status effects
A: retaliatory headbutt, horns 3, clever 1, regeneration 1
a: Depart the Abyss, Bend Space, Banish, Corrupt, Enter the Abyss, Renounce
Religion, Evoke Blink


You were in an ice cave.
You worshipped Lugonu.
Lugonu was extremely pleased with you.
You were very hungry.

You visited 2 branches of the dungeon, and saw 11 of its levels.
You visited the Abyss 1 time.
You also visited: Ice Cave.

You collected 630 gold pieces.

Inventory:

Hand Weapons
 y - a +2 long sword of venom (weapon)
Armour
 q - a +2 pair of gloves
 F - the +3 hat of Pondering {ponderous, MR+ MP+10 Int+5}
   (You found it in an ice cave)

   It affects your intelligence (+5).
   It affects your resistance to hostile enchantments.
   It affects your magic capacity (+10).
 M - the +0 pair of gloves "Ubbomp" (worn) {Dex+3}
   (You found it in an ice cave)

   It affects your dexterity (+3).
 P - a +0 shield (worn)
 Q - a +0 plate armour (worn)
 V - the +0 cloak of Brilliance (worn) {+Blink}
   (You found it on level 10 of the Dungeon)

   It lets you blink.
Jewellery
 d - a +2 ring of slaying (left hand)
 h - a +3 ring of intelligence
 j - an uncursed ring of protection from magic
 n - an uncursed ring of resist corrosion
 D - an amulet of regeneration (around neck)
 H - a +4 ring of protection (right hand)
 T - an uncursed amulet of guardian spirit
Wands
 e - a wand of random effects (14/48)
 v - a wand of flame (17/48)
 A - a wand of digging (3/24)
 G - a wand of disintegration (17/24)
 J - a wand of paralysis (4/24)
 S - a wand of polymorph (13/24)
Scrolls
 b - 3 scrolls of teleportation
 g - 3 scrolls of blinking
 i - 2 scrolls of immolation {unknown}
 m - 9 scrolls of identify
 p - 3 scrolls of remove curse
 t - a scroll of fog
 w - 5 scrolls of enchant weapon {unknown}
 x - a scroll of vulnerability {unknown}
 B - a scroll of enchant armour {unknown}
 E - 2 scrolls of magic mapping
 L - a scroll of recharging
Potions
 a - a potion of degeneration {unknown}
 f - 2 potions of ambrosia {unknown}
 l - a potion of haste {unknown}
 r - 2 potions of agility {unknown}
 s - 2 potions of lignification {unknown}
 u - 2 potions of curing
 z - a potion of brilliance {unknown}
 C - 2 potions of might {unknown}
 K - a potion of flight {unknown}
 N - a potion of heal wounds {unknown}
 O - a potion of resistance {unknown}
 R - a potion of cancellation {unknown}
Books
 I - a book of Cantrips

   Spells                             Type                      Level
   a - Confusing Touch                Hexes                        1
   b - Animate Skeleton               Necromancy                   1
   c - Summon Small Mammal            Summoning                    1
   d - Apportation                    Translocation                1
Comestibles
 c - 7 bread rations
 k - 12 fruits
 o - 2 royal jellies


   Skills:
 + Level 9.8 Fighting
 + Level 9.2 Long Blades
 + Level 9.7 Armour
 - Level 1.1 Dodging
 + Level 9.4 Shields
 + Level 7.9 Invocations
 + Level 6.0 Evocations


You had 10 spell levels left.
You didn't know any spells.

Dungeon Overview and Level Annotations

Branches:
Dungeon (10/15)            Temple (0/1) D:7            Lair (1/6) D:9
    Orc: D:9-12

Altars:
Ashenzari
Dithmenos
Elyvilon
Fedhas
Gozag
Kikubaaqudgha
Qazlal
Ru
Trog
Uskayaw
Vehumet
Yredelemnul
Zin

Shops:
D:4 %   D:7 %   D:9 *   D:10 =

Portals:
Trove: D:10 (give 17 scrolls of teleportation)


Innate Abilities, Weirdness & Mutations

You reflexively headbutt those who attack you in melee.
You have a pair of large horns on your head.
Your mind is acute. (Int +2)
Your natural rate of healing is unusually fast.


Message History

Your headbutt misses the ice devil.
The ice devil is moderately wounded.
The ice devil barely misses you. The ice devil hits you.
The ice devil freezes you!! You block the ice devil's attack.
You are too injured to fight recklessly!
You are too injured to fight recklessly!
You slash the ice devil!
The ice devil looks as sick as possible!
The ice devil is heavily wounded.
You block the ice devil's attack. The ice devil hits you.
The ice devil freezes you!!
* * * LOW HITPOINT WARNING * * *
The ice devil hits you but does no damage.
The ice devil hits you but does no damage.
You block the ice devil's attack.
You hit the ice devil but do no damage. Your headbutt misses the ice devil.
The ice devil hits you.
* * * LOW HITPOINT WARNING * * *
The ice devil freezes you!
You die...

###### ###....###
##........###
##....###....##
#...###.###..@###
#...##§§..####44##
######..##§§§..##4..#
#.#.....§§§§§..###..#
........§##§§.##...##
....###########.4.##
.#### ###...## ##
######..4###
#......4##


You could see 3 ice devils.

Vanquished Creatures
  2 two-headed ogres (D:9)
  An unseen horror (D:10)
  The ghost of Mitsuki the Archer, a novice CeHu (D:6)
  The ghost of Mitsuki the Covered, a novice MiFi of Okawaru (D:5)
  2 ice statues (IceCv)
  A spiny frog (Lair:1)
  A guardian mummy (D:10)
  3 ice devils (IceCv)
  A hippogriff (D:7)
  3 slime creatures (D:6)
  Sigmund (D:4)
  2 hungry ghosts (D:9)
  Menkaure (D:4)
  A water moccasin (Lair:1)
  A porcupine (Lair:1)
  A black bear (D:7)
  A phantom (D:5)
  2 necrophages
  6 wolves (Lair:1)
  6 ogres
  3 centaurs
  A crocodile (D:9)
  4 big kobolds (D:6)
  3 gnoll sergeants (D:10)
  6 bullfrogs
  5 scorpions
  6 killer bees (D:10)
  A wight (D:9)
  2 howler monkeys
  An electric eel (D:10)
  3 crimson imps
  A centaur zombie (D:9)
  A bullfrog zombie (D:10)
  3 bullfrog skeletons
  9 orc priests
  7 orc wizards
  6 jellies
  15 hounds
  2 gnoll shamans (D:10)
  2 iguanas
  7 worker ants
  Natasha (thrice) (D:3)
  A killer bee zombie (D:10)
  A hound zombie (D:5)
  2 hound skeletons (D:5)
  32 gnolls
  A worker ant zombie (D:6)
  13 adders
  3 shadow imps
  7 white imps (IceCv)
  5 ufetubi (IceCv)
  4 oozes (D:6)
  3 adder zombies
  3 worms
  6 dart slugs
  2 leopard geckos
  43 orcs
  3 ball pythons
  6 bats
  4 giant cockroaches
  9 goblins
  11 hobgoblins
  15 jackals
  9 frilled lizards
  10 kobolds
  A leopard gecko skeleton (D:5)
  A quokka skeleton (D:4)
  7 rats
331 creatures vanquished.

Vanquished Creatures (others)
  A white imp (IceCv)
  6 ufetubi (IceCv)
  8 fungi
  2 plants
  10 toadstools (D:6)
27 creatures vanquished.

Grand Total: 358 creatures vanquished

Notes
Turn   | Place    | Note
-------+----------+-------------------------------------------
     0 | Abyss:1  | Mitsuki the Minotaur Abyssal Knight began the quest for the Orb.
     0 | Abyss:1  | Reached XP level 1. HP: 19/19 MP: 1/1
    98 | Abyss:1  | Noticed a starcursed mass
    98 | D:1      | Escaped the Abyss
   314 | D:1      | Reached XP level 2. HP: 18/27 MP: 2/2
   494 | D:1      | Reached * piety under Lugonu
   725 | D:1      | Reached skill level 1 in Shields
   756 | D:1      | Reached XP level 3. HP: 33/33 MP: 3/3
   946 | D:2      | Found a bloodstained altar of Trog.
  1287 | D:2      | You fall through a shaft!
  1592 | D:2      | Found a shadowy altar of Dithmenos.
  1645 | D:2      | Found a faded altar of an unknown god.
  1738 | D:2      | Reached XP level 4. HP: 40/40 MP: 4/4
  2003 | D:2      | Reached ** piety under Lugonu
  2187 | D:2      | Gained mutation: You are robust. (+10% HP) [potion of mutation]
  2187 | D:2      | Gained mutation: You passively map a small area around you. [potion of mutation]
  2227 | D:3      | Noticed an ogre
  2230 | D:3      | Killed an ogre
  2230 | D:3      | Reached XP level 5. HP: 51/51 MP: 4/6
  2307 | D:3      | Noticed Natasha
  2317 | D:3      | Killed Natasha
  2680 | D:3      | Reached XP level 6. HP: 32/60 MP: 7/7
  2814 | D:3      | Noticed Natasha
  2818 | D:3      | Killed Natasha
  2886 | D:3      | Reached skill level 5 in Fighting
  2918 | D:3      | Noticed Natasha
  3164 | D:3      | Killed Natasha
  3570 | D:4      | Noticed Sigmund
  3578 | D:4      | Reached *** piety under Lugonu
  3851 | D:4      | Noticed Menkaure
  3865 | D:4      | Killed Menkaure
  3865 | D:4      | Reached XP level 7. HP: 66/67 MP: 8/8
  3891 | D:4      | Found Puda's Food Boutique.
  3962 | D:4      | Reached skill level 1 in Evocations
  4234 | D:4      | Reached skill level 5 in Long Blades
  4538 | D:4      | Noticed a hand axe
  4538 | D:4      | Noticed a dagger
  5063 | D:4      | Found a hide-covered altar of Uskayaw.
  5083 | D:4      | Found a glowing silver altar of Zin.
  5109 | D:5      | Entered Level 5 of the Dungeon
  5109 | D:5      | Found a blossoming altar of Fedhas.
  5138 | D:5      | Reached skill level 5 in Armour
  5246 | D:5      | Reached XP level 8. HP: 77/77 MP: 10/10
  5361 | D:5      | Noticed Mitsuki's ghost (novice MiFi)
  5381 | D:5      | Killed Mitsuki's ghost
  5381 | D:5      | Reached skill level 5 in Shields
  5491 | D:5      | Lost mutation: You are robust. (+10% HP) [potion of mutation]
  5491 | D:5      | Lost mutation: You passively map a small area around you. [potion of mutation]
  5491 | D:5      | Gained mutation: Your skin changes colour to match your surroundings (Stealth+). [potion of mutation]
  5491 | D:5      | Gained mutation: You have sharp toenails. [potion of mutation]
  5491 | D:5      | Gained mutation: Your movements are slightly less encumbered by armour. (ER -2) [potion of mutation]
  5586 | D:5      | Found a radiant altar of Vehumet.
  5590 | D:5      | Found a shattered altar of Ashenzari.
  5592 | D:5      | Found a white marble altar of Elyvilon.
  6025 | D:5      | Reached skill level 5 in Invocations
  6138 | D:4      | Found a hide-covered altar of Uskayaw.
  6220 | D:4      | Found Puda's Food Boutique.
  6258 | D:4      | Killed Sigmund
  6258 | D:4      | Reached XP level 9. HP: 73/79 MP: 11/11
  6363 | D:6      | Found a stormy altar of Qazlal.
  6403 | D:6      | Noticed Mitsuki's ghost (novice CeHu)
  6410 | D:6      | Killed Mitsuki's ghost
  6873 | D:6      | HP: 5/120 [acid (3)]
  7278 | D:6      | Found a basalt altar of Yredelemnul.
  7811 | D:6      | Reached XP level 10. HP: 88/88 MP: 13/13
  7976 | D:7      | Reached **** piety under Lugonu
  8051 | D:7      | Found Vasivud's Food Shoppe.
  8178 | D:7      | Found an ancient bone altar of Kikubaaqudgha.
  8181 | D:7      | Found a sacrificial altar of Ru.
  8272 | D:7      | Found a staircase to the Ecumenical Temple.
  8574 | D:8      | Lost mutation: Your movements are slightly less encumbered by armour. (ER -2) [potion of mutation]
  8574 | D:8      | Lost mutation: You have sharp toenails. [potion of mutation]
  8574 | D:8      | Lost mutation: Your skin changes colour to match your surroundings (Stealth+). [potion of mutation]
  8574 | D:8      | Gained mutation: Your natural rate of healing is unusually fast. [potion of mutation]
  8574 | D:8      | Gained mutation: You have a pair of large horns on your head. [potion of mutation]
  8574 | D:8      | Gained mutation: Your mind is acute. (Int +2) [potion of mutation]
  9445 | D:9      | Found a staircase to the Lair.
  9638 | D:9      | Found Gozag's Platinum Reserve.
  9639 | D:9      | Found an opulent altar of Gozag.
  9685 | D:9      | Noticed a two-headed ogre
  9686 | D:9      | Noticed a two-headed ogre
  9694 | D:9      | Killed a two-headed ogre
  9694 | D:9      | Reached skill level 5 in Evocations
  9697 | D:9      | Killed a two-headed ogre
 10187 | D:10     | Entered Level 10 of the Dungeon
 10310 | D:10     | Reached ***** piety under Lugonu
 10466 | D:10     | Reached XP level 11. HP: 64/97 MP: 15/15
 10728 | D:10     | Found Mokhlaol's Jewellery Emporium.
 10924 | D:10     | Found a portal to a secret trove of treasure.
 11044 | D:10     | Killed an unseen horror
 11280 | D:10     | Got a fine cloak
 11286 | D:10     | Identified the +0 cloak of Brilliance {+Blink} (You found it on level 10 of the Dungeon)
 11355 | Lair:1   | Entered Level 1 of the Lair of Beasts
 11447 | Lair:1   | Found a frozen archway.
 11455 | IceCv    | Entered an ice cave
 12172 | IceCv    | Got a pair of polished gloves
 12183 | IceCv    | Identified the +0 pair of gloves "Ubbomp" {Dex+3} (You found it in an ice cave)
 12269 | IceCv    | Slain by an ice devil

Skill      XL: |  1  2  3  4  5  6  7  8  9 10 11 |
---------------+----------------------------------+-----
Invocations    | 2 3 4 5 6 7 |  7.9
Shields        | 1 2 3 4 5 7 8 9 |  9.4
Fighting       | 4 5 7 9 |  9.8
Long Blades    | 3 4 5 6 7 8 9 |  9.2
Armour         | 3 4 5 6 7 9 |  9.7
Evocations     | 2 3 4 5 6 |  6.0
Dodging        | |  1.1

Action                   |  1- 3 |  4- 6 |  7- 9 | 10-12 || total
-------------------------+-------+-------+-------+-------++-------
Melee: Falchion          |    94 |   194 |    69 |       ||   357
       Headbutt          |     7 |    21 |    48 |    94 ||   170
       Long sword        |       |       |   201 |   465 ||   666
       Kick              |       |       |    55 |    14 ||    69
Invok: Depart the Abyss  |     1 |       |       |       ||     1
       Bend Space        |       |       |     2 |       ||     2
 Abil: Evoke Blink       |       |       |       |     1 ||     1
Evoke: Wand              |       |       |       |     1 ||     1
  Use: Scroll            |       |     6 |     2 |     3 ||    11
       Potion            |       |     1 |     2 |     1 ||     4
  Eat: Chunk             |     3 |     6 |    10 |    11 ||    30
       Meat ration       |       |       |     1 |     1 ||     2
       Fruit             |       |       |       |     3 ||     3
       Royal jelly       |       |       |       |     1 ||     1
Armor: Leather armour    |    13 |    10 |       |       ||    23
       Chain mail        |       |    59 |   150 |    82 ||   291
       Ring mail         |       |    11 |       |       ||    11
       Plate armour      |       |       |       |   336 ||   336
Dodge: Dodged            |    49 |    75 |    98 |   194 ||   416
Block: Buckler           |    14 |    34 |    54 |    97 ||   199
       Shield            |       |       |       |   126 ||   126
       Rpst.: Falchion   |    12 |    14 |     6 |       ||    32
       Long sword        |       |       |    15 |    47 ||    62
